 Dungeon Crawl Stone Soup version 0.17-a0-1133-gfb1399f (webtiles) character file.

23 Hanyuu the Insei (level 2, 0/18 HPs)
             Began as an Octopode Transmuter on May 25, 2015.
             Succumbed to an adder's poison
             ... on level 2 of the Dungeon.
             The game lasted 00:01:32 (836 turns).

Hanyuu the Insei (Octopode Transmuter)               Turns: 836, Time: 00:01:33

Health: 0/18       AC:  1    Str:  9    XL:     2   Next: 95%
Magic:  5/5        EV: 12    Int: 15    God:
Gold:   33         SH:  0    Dex: 14    Spells: 2 memorised, 2 levels left

rFire  . . .     SeeInvis .       - Unarmed
rCold  . . .     Clarity  .     (no shield)
rNeg   . . .     SustAt   .     (helmet restricted)
rPois  .         Gourm    .     (no amulet)
rElec  .         Spirit   .     g - +2 ring of dexterity
rCorr  .         Warding  .     h - ring of flight
rMut   .         Stasis   .     (no ring)
MR     .....                    (no ring)
Stlth  ++........               (no ring)
                                (no ring)
                                (no ring)
                                (no ring)

@: lethally poisoned (0 -> -11), not resistant to hostile enchantments,
unstealthy
A: almost no armour, amphibious, 8 rings, constrict 8, camouflage 1, gelatinous
body 1
a: Evoke Flight


You were on level 2 of the Dungeon.
You were not hungry.

You visited 1 branch of the dungeon, and saw 2 of its levels.

You collected 33 gold pieces.

Inventory:

Missiles
 a - 12 arrows
Jewellery
 g - a +2 ring of dexterity (left tentacle)
 h - a ring of flight (right tentacle)
Scrolls
 d - a scroll of enchant armour {unknown}
 i - a scroll of identify {unknown}
 l - a scroll of remove curse {unknown}
Potions
 e - a potion of degeneration {unknown}
 j - a potion of curing {unknown}
 k - a potion of heal wounds {unknown}
Books
 b - a book of Changes

   Spells                             Type                      Level
   a - Beastly Appendage              Transmutation                1
   b - Sticks to Snakes               Transmutation                2
   c - Spider Form                    Transmutation/Poison         3
   d - Ice Form                       Ice/Transmutation            4
   e - Blade Hands                    Transmutation                5
Comestibles
 c - 2 bread rations
 f - 2 meat rations


   Skills:
 - Level 1.0 Fighting
 - Level 2.0 Dodging
 + Level 4.0 Unarmed Combat
 - Level 2.0 Spellcasting
 - Level 2.0 Transmutations


You had 2 spell levels left.
You knew the following spells:

 Your Spells              Type           Power        Failure   Level  Hunger
a - Beastly Appendage     Trmt           #.....       12%         1    #......
b - Sticks to Snakes      Trmt           #.........   14%         2    ###....


Dungeon Overview and Level Annotations

Branches:
Dungeon (2/15)

Altars:


Innate Abilities, Weirdness & Mutations

You cannot wear most types of armour.
You are amphibious.
You can wear up to eight rings at the same time.
You can use your tentacles to constrict eight enemies at once.
Your skin changes colour to match your surroundings (Stealth).
Your rubbery body absorbs attacks (AC +1).


Message History

You tentacle-slap the adder.
You kill the adder!
Your Unarmed Combat skill increases to level 4!
* * * LOW HITPOINT WARNING * * *
You feel sick.
You are too injured to fight recklessly!
* * * LOW HITPOINT WARNING * * *
You feel sick.
* * * LOW HITPOINT WARNING * * *
You feel sick.
* * * LOW HITPOINT WARNING * * *
You feel sick.
* * * LOW HITPOINT WARNING * * *
You feel sick.
* * * LOW HITPOINT WARNING * * *
You feel sick.
You see here a giant cockroach corpse.
You butcher the giant cockroach corpse.
You see here a chunk of flesh.
You die...

### #### ####.#####
##..###..#.#....#
#####...........# ..
##..%@.##........# #.
#..######........# #. #.##
#.........####. #.#
....##...##...... #.#
#.####....##......
#..†.....##.....##....<.
#........##..##.##......
$.....w...##..#..........
........[..##....#.#.#...#


There were no monsters in sight!

Vanquished Creatures
  An adder (D:2)
  4 bats (D:1)
  A giant cockroach (D:2)
  A goblin (D:1)
  A hobgoblin (D:1)
  A kobold (D:1)
  A ball python (D:1)
  A giant newt (D:1)
  A rat (D:1)
12 creatures vanquished.

Notes
Turn   | Place    | Note
--------------------------------------------------------------
     0 | D:1      | Hanyuu the Octopode Transmuter began the quest for the Orb.
     0 | D:1      | Reached XP level 1. HP: 13/13 MP: 3/3
   319 | D:1      | Reached XP level 2. HP: 18/18 MP: 5/5
   323 | D:1      | Learned a level 2 spell: Sticks to Snakes
   829 | D:2      | Reached skill level 4 in Unarmed Combat
   836 | D:2      | Succumbed to an adder's poison

Vault maps used:
D:1:      mrwooster_arrival_statue_3
D:2:      uniq_iyjb

Action                   || total
-------------------------++-------
Melee: Unarmed           ||    29
 Stab: Sleeping          ||     6
